 Dungeon Crawl Stone Soup version 0.29.1-12-g30fa7ad0bf (webtiles) character file.

Game seed: 16893260065652219854

88 VarnDeLeo the Trooper (level 4, -4/37 HPs)
             Began as a Human Fighter on Dec 30, 2022.
             Slain by Sigmund
             ... wielding a +1 scythe of freezing
              (7 damage)
             ... on level 3 of the Dungeon.
             The game lasted 00:20:55 (2793 turns).

VarnDeLeo the Trooper (Human Fighter)               Turns: 2793, Time: 00:20:55

Health: -4/37      AC: 12    Str: 18    XL:     4   Next: 82%
Magic:  4/4        EV:  5    Int:  9    God:
Gold:   137        SH:  4    Dex: 10    Spells: 3/3 levels left

rFire   . . .      SeeInvis .   a - +1 war axe
rCold   . . .      Faith    .   c - +0 buckler
rNeg    . . .      Spirit   .   i - +0 plate armour
rPois   .          Reflect  .   (helmet restricted)
rElec   .          Harm     .   (no cloak)
rCorr   +          Rampage  .   (no gloves)
Will    .....                   f - +0 pair of boots
Stlth   ..........              (no amulet)
HPRegen 0.12/turn               e - ring of resist corrosion
MPRegen 0.09/turn               (no ring)

@: unable to read
A: antennae 1, clumsy 1, inability to read after injury 1
a: no special abilities


You were on level 3 of the Dungeon.
You visited 1 branch of the dungeon, and saw 3 of its levels.

You collected 137 gold pieces.

Inventory:

Hand Weapons
 a - a +1 war axe (weapon)
 j - a +0 whip
 k - a +1 hand axe of venom
 l - a +0 sling
Missiles
 h - 14 stones
 n - 5 javelins (quivered)
 o - 6 atropa-tipped darts
Armour
 b - a +0 scale mail
 c - a +0 buckler (worn)
 f - a +0 pair of boots (worn)
 g - a scarf of harm
 i - a +0 plate armour (worn)
Jewellery
 e - a ring of resist corrosion (left hand)
Wands
 p - a wand of polymorph (6)
Scrolls
 m - 5 scrolls of identify
Potions
 d - a potion of might
 q - 2 potions of attraction {unknown}


   Skills:
 + Level 3.8 Fighting
 + Level 3.4 Axes
 + Level 3.3 Armour
 + Level 3.2 Shields


You had 3 spell levels left.
You didn't know any spells.
Your spell library contained the following spells:

 Spells                   Type           Power      Damage    Failure   Level
 Beastly Appendage        Tmut           0%         N/A       100%        1
 Passage of Golubria      Tloc           0%         N/A       100%        4
 Silence                  Hex/Air        0%         N/A       100%        5
 Starburst                Conj/Fire      0%         6d3       100%        6
 Storm Form               Tmut/Air       0%         N/A       100%        7
 Lehudib's Crystal Spear  Conj/Erth      0%         10d2      100%        8


Dungeon Overview and Level Annotations

Branches:
Dungeon (3/15)

Altars:
Cheibriados

Annotations:
D:3 1 runed translucent door, Crazy Yiuf, Sigmund


Innate Abilities, Weirdness & Mutations

You have a pair of small antennae on your head.
You are clumsy. (Dex -2)
You occasionally lose the ability to read scrolls when taking damage.


Message History

You kill the hobgoblin!
The ball python barely misses you. You block the ball python's attack.
You closely miss the ball python.
The ball python bites you but does no damage.
The ball python grabs you. The ball python constricts you.
Sigmund the Dreaded comes into view.
He is wielding a +1 scythe of freezing.
You completely miss the ball python.
Sigmund shouts!
You block the ball python's attack. The ball python constricts you.
Sigmund points at you and mumbles some strange words.
You resist with some effort. The ball python barely misses you.
The ball python constricts you.
You hit the ball python but do no damage.
The ball python bites you but does no damage.
The ball python constricts you.
Sigmund gestures wildly while chanting.
Sigmund flickers and vanishes!
Deactivating autopickup; reactivate with Ctrl-A.
The ball python bites you but does no damage.
The ball python constricts you.
You slash the ball python!
You kill the ball python!
Something hits you but does no damage.
Items here: ! ) ? [ †.
Something hits you but does no damage.
Items here: ! ) ? [ †.
There is a strange disturbance nearby!
You hear some strange, mumbled words.
A puff of flame appears from out of thin air!
The puff of flame hits you!
You hit something but do no damage. Something hits you.
You feel threatened and lose the ability to read scrolls!
Something freezes you.
* * * LOW HITPOINT WARNING * * *
You hit something. Something hits you.
* * * LOW HITPOINT WARNING * * *
Something freezes you.
* * * LOW HITPOINT WARNING * * *
Something hits you!
You die...

.....[.<.# ########.# #.#
#.# #.# #### #.# ...##
##.######## ♣
....###.........#####....
......).........@.{......
....#####†.....†####.###.
##### #......#.#
#.......... #......#.##'#
#........# S# ###...##.'
' ....# .#.


There were no monsters in sight!

Vanquished Creatures
  2 adders
  A worm (D:2)
  A dart slug (D:3)
  5 ball pythons
  6 bats
  5 endoplasms
  A giant cockroach (D:1)
  10 goblins
  6 hobgoblins
  6 jackals
  3 quokkas
  3 frilled lizards
  3 kobolds
  4 rats
  A spectral hobgoblin (D:1)
57 creatures vanquished.

Vanquished Creatures (others)
  5 plants (D:3)
5 creatures vanquished.

Grand Total: 62 creatures vanquished

Notes
Turn   | Place    | Note
-------+----------+-------------------------------------------
     0 | D:1      | VarnDeLeo the Human Fighter began the quest for the Orb.
     0 | D:1      | Reached XP level 1. HP: 18/18 MP: 1/1
   184 | D:1      | Reached XP level 2. HP: 11/24 MP: 2/2
   189 | D:1      | Got the Omnibus of Variable Calefaction
   406 | D:1      | Found a faded altar of an unknown god.
   495 | D:1      | Reached XP level 3. HP: 28/28 MP: 3/3
  1013 | D:2      | Found a snail-covered altar of Cheibriados.
  1479 | D:2      | Gained mutation: You occasionally lose the ability to read
                  | scrolls when taking damage. [potion of mutation]
  1479 | D:2      | Gained mutation: You are clumsy. (Dex -2) [potion of
                  | mutation]
  1479 | D:2      | Gained mutation: You have a pair of small antennae on your
                  | head. [potion of mutation]
  1629 | D:2      | Reached XP level 4. HP: 35/35 MP: 4/4
  2437 | D:3      | Found a runed translucent door.
  2438 | D:3      | Noticed Crazy Yiuf
  2783 | D:3      | Noticed Sigmund
  2793 | D:3      | Slain by Sigmund

Illustrated notes

Levels and vault maps discovered:
D:1:      dpeg_arrival_radiant, layout_loops_ring,
          dreamdust_ecumenical_altar_drowned_temple
D:2:      layout_basic, basic_altar
D:3:      layout_loops_ring, serial_park_tiny_2, minmay_misc_feat_doors,
          minmay_shallow_snake_nest, uniq_natasha, uniq_sigmund, uniq_terence,
          uniq_crazy_yiuf_cottage

Skill      XL: |  1  2  3  4 |
---------------+-------------+-----
Axes           | 3 |  3.4
Fighting       | |  3.8
Armour         | |  3.3
Shields        | |  3.2

Action                   |  1- 3 |  4- 6 || total
-------------------------+-------+-------++-------
Melee: War axe           |    85 |    50 ||   135
  Use: Scroll            |     5 |     1 ||     6
       Potion            |     2 |       ||     2
Armor: Scale mail        |    15 |       ||    15
       Plate armour      |    23 |    49 ||    72
Dodge: Dodged            |    22 |    17 ||    39
Block: Buckler           |    16 |     8 ||    24
